 Dungeon Crawl Stone Soup version 0.28-a0-589-g333b8329f1 (webtiles) character file.

Game seed: 1679693498282119413

1636 freelancePsychic the Cutter (level 8, -2/61 HPs)
             Began as a Gnoll Wanderer on Oct 3, 2021.
             Killed from afar by a steam dragon (16 damage)
             ... with a ball of steam
             ... on level 7 of the Dungeon.
             The game lasted 00:12:59 (7801 turns).

freelancePsychic the Cutter (Gnoll Wanderer)        Turns: 7801, Time: 00:13:00

Health: -2/61      AC:  9    Str: 20    XL:     8   Next: 98%
Magic:  11/15      EV: 12    Int: 11    God:
Gold:   311        SH:  0    Dex: 12    Spells: 10/16 levels left

rFire   . . .      SeeInvis .   b - +0 hunting sling
rCold   + . .      Faith    .   (no shield)
rNeg    . . .      Spirit   .   i - +0 ring mail
rPois   .          Reflect  .   (no helmet)
rElec   .          Harm     .   (no cloak)
rCorr   .          Rampage  .   e - +2 pair of gloves {archery}
Will    .....                   (no boots)
Stlth   ++........              f - amulet of magic regeneration
HPRegen 0.20/turn               d - +6 ring of strength
MPRegen 0.39/turn               n - ring of protection from cold

@: wereblooded, freezing walls
A: fangs 1, strong nose, distributed training
a: no special abilities


You were on level 7 of the Dungeon.
You visited 2 branches of the dungeon, and saw 8 of its levels.
You also visited: Sewer and Ossuary.

You collected 311 gold pieces.

Inventory:

Hand Weapons
 a - a +2 dagger of speed
 b - a +0 hunting sling (weapon)
Missiles
 q - 98 arrows
 y - 108 stones
 B - 14 sling bullets (quivered ammo)
 D - 2 silver javelins
 E - 3 javelins
 H - a boomerang
Armour
 e - a +2 pair of gloves of archery (worn)
 i - a +0 ring mail (worn)
 r - a +0 robe
Jewellery
 d - a +6 ring of strength (left hand)
 f - an amulet of magic regeneration (around neck)
 k - the ring "Coppyj" {Fire Str+5}
   (You found it on level 6 of the Dungeon)

   [ring of fire]

   It enhances your fire magic.
   Str:       It affects your strength (+5).
   rF:        It protects you from fire.
   rC:        It makes you vulnerable to cold.
 n - a ring of protection from cold (right hand)
Wands
 C - a wand of flame (17)
 G - a wand of polymorph (5)
Scrolls
 c - a scroll of torment
 g - 2 scrolls of enchant weapon
 h - a scroll of identify {@r1}
 j - a scroll of vulnerability
 l - a scroll of fog
 s - a scroll of blinking {unknown}
 t - a scroll of teleportation {@r4}
 u - 4 scrolls of immolation
 w - a scroll of brand weapon
 F - a scroll of amnesia {unknown}
Potions
 o - 2 potions of attraction
 p - a potion of berserk rage
 v - a potion of might {unknown}
 x - 2 potions of mutation
 z - 2 potions of ambrosia {unknown}
 A - a potion of flight {unknown}


   Skills:
 + Level 4.6 Fighting
 + Level 7.6 Short Blades
 + Level 3.7 Long Blades
 + Level 3.7 Axes
 + Level 3.7 Maces & Flails
 + Level 3.7 Polearms
 + Level 3.7 Staves
 + Level 3.7 Slings
 + Level 3.7 Bows
 + Level 3.7 Crossbows
 + Level 3.7 Throwing
 + Level 3.7 Armour
 + Level 4.6 Dodging
 + Level 3.7 Stealth
 + Level 6.0 Shields
 + Level 3.7 Unarmed Combat
 + Level 4.7 Spellcasting
 + Level 3.0 Conjurations
 + Level 3.0 Hexes
 + Level 3.0 Summonings
 + Level 3.0 Necromancy
 + Level 3.0 Translocations
 + Level 3.0 Transmutations
 + Level 3.0 Fire Magic
 + Level 3.8 Ice Magic
 + Level 3.0 Air Magic
 + Level 3.0 Earth Magic
 + Level 3.8 Poison Magic
 + Level 4.1 Invocations
 + Level 3.7 Evocations


You had 10 spell levels left.
You knew the following spells:

 Your Spells              Type           Power      Damage    Failure   Level
a - Freeze                Ice            40%        1d6       8%          1
b - Wereblood             Tmut           9%         N/A       16%         2
c - Frozen Ramparts       Ice            20%        1d4       22%         3

Your spell library contained the following spells:

 Spells                   Type           Power      Damage    Failure   Level
 Beastly Appendage        Tmut           18%        N/A       10%         1
 Shock                    Conj/Air       36%        1d5       10%         1
 Summon Small Mammal      Summ           36%        N/A       10%         1
 Blink                    Tloc           N/A        N/A       16%         2
 Passwall                 Tmut/Erth      7%         N/A       16%         2
 Ozocubu's Armour         Ice            10%        N/A       22%         3
 Spider Form              Tmut/Pois      5%         N/A       26%         3
 Call Canine Familiar     Summ           9%         N/A       30%         3
 Summon Guardian Golem    Hex/Summ       9%         N/A       30%         3
 Swiftness                Air            9%         N/A       30%         3
 Hailstorm                Conj/Ice       10%        3d5       65%         4
 Ice Form                 Ice/Tmut       10%        N/A       65%         4
 Summon Ice Beast         Ice/Summ       10%        N/A       65%         4
 Airstrike                Air            4%         N/A       69%         4


Dungeon Overview and Level Annotations

Branches:
Dungeon (7/15)             Temple (1/1) D:6           Sewer (visited)
Ossuary (visited)

Altars:
Dithmenos
Fedhas
Gozag
Hepliaklqana
Makhleb
Qazlal
Sif Muna
Trog
Vehumet
Wu Jian
Xom
Zin
The Shining One

Shops:
D:1 !


Innate Abilities, Weirdness & Mutations

You have very sharp teeth.
Your uncanny sense of smell can sniff out nearby items.
Your experience applies equally to all skills.


Message History

You are too injured to fight recklessly!
Fire: 16 sling bullets
Press: ? - help, Q - select action, (/) - cycle Shift-Dir - straight line, f/p - steam dragon
Aim: a steam dragon (heavily wounded, 68% to hit)
You shoot a sling bullet. The sling bullet hits the steam dragon.
The steam dragon is severely wounded.
You are engulfed in a cloud of scalding steam.
Your primal bloodlust is almost over.
The steam dragon breathes steam at you. The ball of steam hits you!!
* * * LOW HITPOINT WARNING * * *
You feel much better.
You are engulfed in a cloud of scalding steam.
* * * LOW HITPOINT WARNING * * *
The steam dragon misses you.
The steam dragon claws you but does no damage.
Casting: Wereblood (safe; 16% risk of failure)
Confirm with . or Enter, or press ? or * to list all spells.
Your blood is freshly infused with primal strength!
You are engulfed in a cloud of scalding steam.
* * * LOW HITPOINT WARNING * * *
The steam dragon barely misses you.
The steam dragon claws you but does no damage.
Casting: Wereblood (safe; 16% risk of failure)
Confirm with . or Enter, or press ? or * to list all spells.
Casting: Frozen Ramparts (dangerous; 22% risk of failure)
Press: ? - help, Dir - look around, f - activate The walls around you are covered in ice.
The wall freezes the steam dragon.
The steam dragon bites you but does no damage.
The steam dragon claws you but does no damage.
Fire: 15 sling bullets
Press: ? - help, Q - select action, (/) - cycle Shift-Dir - straight line, f - steam dragon
Aim: a steam dragon (severely wounded, 65% to hit)
You shoot a sling bullet.
The sling bullet closely misses the steam dragon.
The wall freezes the steam dragon.
The steam dragon breathes steam at you. The ball of steam hits you!
You die...

## ###### ... #. #....
$.. .. #... .... #. #..#
..... #... #..
#.(##..(.( #..#
..##.(##.?..((... #..##
......D......)... #...#
#...@..#########...+
##......##.....##..###
.........§.#.........##.
...........'..........#.
#.##########.....##...#.
# ###########..##.
#........##..##.
#............... ∆
#...............


You could see a steam dragon (catching breath).

Vanquished Creatures
  A yak (D:4)
  2 ice beasts
  A necrophage (D:4)
  An ogre (D:7)
  3 bullfrogs
  A scorpion (D:4)
  A crimson imp (D:4)
  2 centaur zombies
  A human zombie (Ossuary)
  A hound (D:4)
  A jelly (D:5)
  3 orc priests
  Jessica (D:3)
  2 orc wizards
  Natasha (twice) (D:3)
  3 iguanas
  A scorpion zombie (D:5)
  A killer bee zombie (D:6)
  5 mummies (Ossuary)
  A howler monkey skeleton (D:6)
  A river rat (D:5)
  8 adders
  A gnoll (D:2)
  A white imp (D:6)
  14 orcs
  20 endoplasms
  15 giant cockroaches
  A gnoll zombie (Ossuary)
  8 goblins
  4 hobgoblins
  13 jackals
  3 kobolds
  21 quokkas
  14 ball pythons
  9 bats
  8 frilled lizards
  A goblin zombie (Ossuary)
  A hobgoblin zombie (Ossuary)
  2 kobold zombies (Ossuary)
  An orc zombie (Ossuary)
  8 rats
188 creatures vanquished.

Notes
Turn   | Place    | Note
-------+----------+-------------------------------------------
     0 | D:1      | freelancePsychic the Gnoll Wanderer began the quest for the
                  | Orb.
     0 | D:1      | freelancePsychic set off with the following items: a +0
                  | club, a +0 robe, a potion of lignification; and the
                  | following spell memorised: Freeze; and the following spells
                  | available to memorise: Frozen Ramparts, Ozocubu's Armour,
                  | Passwall, Wereblood, Hailstorm
     0 | D:1      | Reached XP level 1. HP: 17/17 MP: 4/4
    14 | D:1      | Identified a scroll of acquirement
    14 | D:1      | Acquired a +1 pair of gloves of archery
   261 | D:1      | Reached XP level 2. HP: 23/23 MP: 5/5
   555 | D:1      | Found Polucawk's Distillery.
  1105 | D:2      | Reached XP level 3. HP: 27/28 MP: 7/7
  1178 | D:2      | Reached skill level 1 in Invocations
  1394 | D:2      | Reached skill level 1 in Long Blades
  1394 | D:2      | Reached skill level 1 in Axes
  1394 | D:2      | Reached skill level 1 in Maces & Flails
  1394 | D:2      | Reached skill level 1 in Polearms
  1394 | D:2      | Reached skill level 1 in Staves
  1394 | D:2      | Reached skill level 1 in Slings
  1394 | D:2      | Reached skill level 1 in Bows
  1394 | D:2      | Reached skill level 1 in Crossbows
  1394 | D:2      | Reached skill level 1 in Throwing
  1394 | D:2      | Reached skill level 1 in Armour
  1394 | D:2      | Reached skill level 1 in Stealth
  1394 | D:2      | Reached skill level 1 in Unarmed Combat
  1394 | D:2      | Reached skill level 1 in Evocations
  1394 | D:2      | Reached XP level 4. HP: 21/34 MP: 8/8
  1644 | D:2      | Found a shimmering altar of Xom.
  2237 | D:3      | Found a faded altar of an unknown god.
  2254 | D:3      | Noticed Natasha
  2258 | D:4      | Found a sand-covered staircase.
  2274 | Ossuary  | Entered an ossuary
  2496 | Ossuary  | Reached skill level 1 in Conjurations
  2496 | Ossuary  | Reached skill level 1 in Hexes
  2496 | Ossuary  | Reached skill level 1 in Summonings
  2496 | Ossuary  | Reached skill level 1 in Necromancy
  2496 | Ossuary  | Reached skill level 1 in Translocations
  2496 | Ossuary  | Reached skill level 1 in Transmutations
  2496 | Ossuary  | Reached skill level 1 in Fire Magic
  2496 | Ossuary  | Reached skill level 1 in Air Magic
  2496 | Ossuary  | Reached skill level 1 in Earth Magic
  2735 | Ossuary  | Reached XP level 5. HP: 37/40 MP: 9/9
  3135 | D:4      | Reached XP level 6. HP: 36/47 MP: 9/11
  3553 | D:4      | Found a burning altar of Makhleb.
  3554 | D:4      | Found a radiant altar of Vehumet.
  3583 | D:4      | Reached skill level 5 in Shields
  4077 | D:4      | Reached XP level 7. HP: 25/52 MP: 12/12
  4310 | D:4      | Found a bloodstained altar of Trog.
  4354 | D:4      | Reached skill level 7 in Short Blades
  4683 | D:3      | Noticed Jessica
  4701 | D:3      | Killed Jessica
  4776 | D:3      | Got Jessica's Volume of Translocation
  4821 | D:3      | Killed Natasha
  4829 | D:3      | Noticed Natasha
  4845 | D:3      | Killed Natasha
  4928 | D:5      | Entered Level 5 of the Dungeon
  5046 | D:5      | Found a glowing drain.
  5050 | Sewer    | Entered a sewer
  5523 | Sewer    | Reached XP level 8. HP: 34/60 MP: 14/14
  5944 | D:5      | Noticed a yak
  5946 | D:5      | Learned a level 2 spell: Wereblood
  5975 | D:4      | Killed a yak
  6019 | D:5      | Noticed a yak
  6019 | D:5      | Noticed a yak
  6548 | D:6      | Identified the ring "Coppyj" {Fire Str+5}
  6554 | D:6      | Learned a level 3 spell: Frozen Ramparts
  6915 | D:6      | Found a staircase to the Ecumenical Temple.
  7038 | Temple   | Entered the Ecumenical Temple
  7801 | D:7      | Killed from afar by a steam dragon

Illustrated notes

Levels and vault maps discovered:
D:1:      erik_arrival_orb_chamber, layout_basic, serial_shops,
          nicolae_shop_behind_doors, st_stairs_9
D:2:      layout_basic, basic_altar, cheibrodos_gnoll_hut
D:3:      layout_basic, chequers_ecumenical_altar_simple_redux,
          kennysheep_jessica_study, uniq_natasha
D:4:      layout_loops_cross, grunt_temple_overflow_lords_of_destruction,
          lightli_temple_of_fire, nicolae_ossuary_entry_monument
D:5:      layout_basic, nicolae_uskayaw_murder_on_the_dancefloor,
          gup_sewer_entry_spiral
D:6:      layout_layer_cave, minmay_temple_entry_enclosed_plants
D:7:      layout_gridville
Temple:   zaba_magenta_temple

Skill      XL: |  1  2  3  4  5  6  7  8 |
---------------+-------------------------+-----
Ice Magic      | 2 3 |  3.8
Poison Magic   | 2 3 |  3.8
Invocations    | 1 2 3 4 |  4.1
Long Blades    | 1 2 3 |  3.7
Axes           | 1 2 3 |  3.7
Maces & Flails | 1 2 3 |  3.7
Polearms       | 1 2 3 |  3.7
Staves         | 1 2 3 |  3.7
Slings         | 1 2 3 |  3.7
Bows           | 1 2 3 |  3.7
Crossbows      | 1 2 3 |  3.7
Throwing       | 1 2 3 |  3.7
Armour         | 1 2 3 |  3.7
Stealth        | 1 2 3 |  3.7
Unarmed Combat | 1 2 3 |  3.7
Evocations     | 1 2 3 |  3.7
Spellcasting   | 3 4 |  4.7
Conjurations   | 1 2 3 |  3.0
Hexes          | 1 2 3 |  3.0
Summonings     | 1 2 3 |  3.0
Necromancy     | 1 2 3 |  3.0
Translocations | 1 2 3 |  3.0
Transmutations | 1 2 3 |  3.0
Fire Magic     | 1 2 3 |  3.0
Air Magic      | 1 2 3 |  3.0
Earth Magic    | 1 2 3 |  3.0
Fighting       | 3 4 |  4.6
Dodging        | 3 4 |  4.6
Shields        | 5 6 |  6.0
Short Blades   | 7 |  7.6

Action                   |  1- 3 |  4- 6 |  7- 9 || total
-------------------------+-------+-------+-------++-------
Melee: Dagger            |    97 |   308 |    79 ||   484
       Bite              |     5 |    33 |     9 ||    47
       Punch             |       |     2 |       ||     2
 Fire: Hunting sling     |       |       |   247 ||   247
Throw: Throwing net      |       |     1 |     1 ||     2
 Cast: Wereblood         |       |       |     3 ||     3
       Frozen Ramparts   |       |       |     2 ||     2
  Use: Scroll            |     1 |     4 |     7 ||    12
       Potion            |       |     4 |     1 ||     5
 Stab: Sleeping          |     2 |     2 |       ||     4
       Held in net/web   |       |       |     1 ||     1
Armor: Robe              |    20 |       |       ||    20
       Ring mail         |    10 |    55 |    38 ||   103
       Skin              |       |     6 |       ||     6
Dodge: Dodged            |    52 |    84 |    60 ||   196

Table legend: (Time is in decaauts)
 A = Elapsed time spent in this place.
 B = Non-inter-level travel time spent in this place.
 C = Inter-level travel time spent in this place.
 D = Time resting spent in this place.
 E = Time spent auto-exploring this place.
 F = Levels seen in this place.
 G = Mean time per level.
                   A        B        C        D        E       F      G
               +--------+--------+--------+--------+--------+-----+--------+
         Total |   7755 |   7451 |    304 |    304 |   5785 |  10 |  775.5 |
       Dungeon |   5916 |   5631 |    285 |     71 |   4643 |   7 |  845.1 |
        Temple |     73 |     55 |     18 |      0 |     50 |   1 |   73.0 |
         Sewer |    937 |    937 |      0 |      0 |    707 |   1 |  937.0 |
       Ossuary |    827 |    827 |      0 |    233 |    385 |   1 |  827.0 |
               +--------+--------+--------+--------+--------+-----+--------+

Top non-repeatable levels by time:
     D:4: 1467 daAuts
     D:6: 1422 daAuts
     D:1: 1073 daAuts
   Sewer: 937 daAuts
     D:2: 842 daAuts
 Ossuary: 827 daAuts
     D:3: 574 daAuts
     D:7: 271 daAuts
     D:5: 265 daAuts
  Temple: 73 daAuts
